 Seeded DCSS version 0.31-a0-496-g6f97920a28 (webtiles) character file.

Game seed: 7415222406553760909 (custom seed)

28423 innerfire43 the Pandemonic (level 13, -7/98 HPs)
             Began as a Demonspawn Monk on Aug 8, 2023.
             Was a High Priest of Makhleb.
             Mangled by a rockslime (19 damage)
             ... on level 1 of the Pits of Slime.
             The game lasted 00:22:13 (13669 turns).

innerfire43 the Pandemonic (Demonspawn Monk)       Turns: 13669, Time: 00:22:14

Health: -7/98      AC: 16    Str: 11    XL:     13   Next: 9%
Magic:  22/22      EV: 23    Int: 13    God:    Makhleb [*****.]
Gold:   404        SH:  0    Dex: 22    Spells: 19/24 levels left

rFire   . .          .
                       - Unarmed
rCold   . . .        c - melded orb {light}
rNeg    . . .        E - +0 steam dragon scales
rPois   .            (helmet restricted)
rElec   .            q - +2 cloak
rCorr   .            (no gloves)
SInv    .            (no boots)
Will    .....        e - amulet of faith
Stlth   +            k - ring of wizardry
HPRegen 0.36/turn    d - ring of wizardry
MPRegen 0.18/turn

%: faith, wizardry (x2)
@: flux-form, corroded, sanguine armoured, glowing
A: glow, contaminating, claws 1, spiny 2, sanguine armour 3, demonic magic 1,
horns 1, agile 1
a: Begin Untransformation, Renounce Religion, Minor Destruction, Lesser Servant
of Makhleb, Major Destruction, Greater Servant of Makhleb


You were on level 1 of the Pits of Slime.
You worshipped Makhleb.
Makhleb was extremely pleased with you.
You were something dangerously unstable.
You visited 4 branches of the dungeon, and saw 15 of its levels.
You also visited: Volcano.

You collected 632 gold pieces.
You spent 228 gold pieces at shops.

Inventory:

Armour
 b - a +1 robe of resistance
 c - an orb of light (melded)
 p - a +0 helmet
 q - a +2 cloak (worn)
 E - +0 steam dragon scales (worn)
 O - a +0 plate armour
Jewellery
 d - a ring of wizardry (right claw)
 e - an amulet of faith (around neck)
 f - a ring of positive energy
 k - a ring of wizardry (left claw)
 o - a ring of poison resistance
 D - an amulet of magic regeneration
 M - a ring of fire
 P - a ring of fire
 T - a ring of ice
 U - a ring of magical power
 X - a +4 ring of protection
 Y - a ring of protection from cold
Talismans
 h - a flux talisman (active)
Wands
 a - a wand of polymorph (19)
 j - a wand of flame (9)
 u - a wand of paralysis (12)
 F - a wand of digging (1)
 G - a wand of acid (10)
 S - a wand of roots (3)
Scrolls
 g - 8 scrolls of teleportation {unknown}
 i - 14 scrolls of identify {unknown}
 l - 7 scrolls of fog {unknown}
 m - 2 scrolls of poison {unknown}
 r - a scroll of immolation {unknown}
 s - 4 scrolls of noise {unknown}
 v - 4 scrolls of fear {unknown}
 w - 2 scrolls of silence {unknown}
 y - 2 scrolls of blinking {unknown}
 A - a scroll of enchant armour {unknown}
 B - 5 scrolls of vulnerability {unknown}
 H - a scroll of torment {unknown}
 J - a scroll of revelation {unknown}
 K - a scroll of enchant weapon {unknown}
 N - a scroll of amnesia {unknown}
Potions
 n - 5 potions of degeneration {unknown}
 t - 2 potions of enlightenment {unknown}
 x - 3 potions of might {unknown}
 z - 2 potions of cancellation {unknown}
 C - 4 potions of lignification
 I - 4 potions of curing
 L - a potion of attraction {unknown}
 Q - a potion of ambrosia
 R - a potion of magic {unknown}
 V - 2 potions of mutation
 W - 2 potions of resistance {unknown}


   Skills:
 + Level 7.7 Fighting
 + Level 7.2 Dodging
 + Level 9.2 Unarmed Combat
 + Level 6.1 Spellcasting
 - Level 2.7 Transmutations
 * Level 11.8 Invocations
 * Level 10.4 Shapeshifting


You had 19 spell levels left.
You knew the following spells:

 Your Spells              Type           Power      Damage    Failure   Level
a - Wereblood             Tmut           11%        N/A       2%          2
b - Frozen Ramparts       Ice            6%         1d1       13%         3

Your spell library contained the following spells:

 Spells                   Type           Power      Damage    Failure   Level
 Freeze                   Ice            12%        1d3       4%          1
 Ignite Poison            Fire/Tmut/Pois 6%         N/A       10%         3
 Hailstorm                Conj/Ice       3%         3d3       13%         3
 Mephitic Cloud           Conj/Pois/Air  3%         N/A       13%         3
 Vhi's Electric Charge    Tloc/Air       6%         N/A       13%         3
 Irradiate                Conj/Tmut      3%         3d12      54%         5
 Arcjolt                  Conj/Air       1%         1d11      71%         5
 Plasma Beam              Fire/Air       1%         2x1d11    99%         6


Dungeon Overview and Level Annotations

Branches:
Dungeon (9/15)             Temple (1/1) D:6            Lair (4/5) D:9
  Swamp (0/4) Lair:2       Spider (0/4) Lair:2        Slime (1/5) Lair:4
Volcano (visited)
    Orc: D:9-12

Altars:
Ashenzari
Cheibriados
Dithmenos
Fedhas
Gozag
Hepliaklqana
Kikubaaqudgha
Makhleb
Nemelex Xobeh
Okawaru
Qazlal
Ru
Sif Muna
Uskayaw
Vehumet
Wu Jian
Xom
Yredelemnul
Jiyva

Shops:
D:1 ?   D:4 (   D:8 ?   D:9 !

Annotations:
D:3 2 transporters


Innate Abilities, Weirdness & Mutations

You are something dangerously unstable.
You glow with magical radiation, making you easy to see and hit.
Foes you strike become dangerously contaminated with magical radiation.
You are incapable of wielding weapons or throwing items.
You have sharp fingernails.
You are mostly covered in sharp spines.
When seriously injured, your blood forms very thick armour. (AC +12)
Spells you cast may paralyse adjacent enemies.
You have a pair of small horns on your head.
You are agile. (Dex +4, Str/Int -1)


Message History

You hold your ground!
The rockslime completely misses you.
Casting: Wereblood (safe; 2% risk of failure)
Confirm with . or Enter, or press ? or * to list all spells.
Okay, then.
You feel better. The rockslime closely misses you.
The rockslime completely misses you.
You are confused.
You feel invigorated. The rockslime hits you!
* * * LOW HITPOINT WARNING * * *
You are shoved backwards!
You scratch the rockslime but do no damage.
The rockslime begins to glow.
The rockslime barely misses you. The rockslime completely misses you.
You're too confused to move!
The rockslime stops glowing.
The rockslime barely misses you. The rockslime completely misses you.
A formless jellyfish comes into view.
You feel less invigorated.
You feel less confused.
The formless jellyfish quivers.
The rockslime completely misses you.
A formless jellyfish comes into view.
An acid blob comes into view.
The formless jellyfish moves out of view.
You completely miss the rockslime.
The acid blob quivers.
You headbutt the rockslime.
The rockslime is lightly wounded.
The rockslime hits you but does no damage.
The rockslime is struck by your spines.
The rockslime hits you but does no damage.
The acid blob spits acid at you. The splash of acid hits you!!
* * * LOW HITPOINT WARNING * * *
The acid corrodes you!
You scratch the rockslime but do no damage.
The rockslime glows dangerously bright.
The rockslime is lightly wounded.
The formless jellyfish shimmers eerily.
The formless jellyfish blinks!
The rockslime barely misses you. The rockslime hits you!!
You die...

#. ## ##... ##.##
...#.. #....##
...... #....#
#...... #
##.#..###.......
..#...............
.........JJ.......
.........B........
##................
.......<....J>....
##.##.............
###.#.#.......
####J.......
J....... .......
......


You could see 2 formless jellyfish, an acid blob and 2 rockslimes.

Vanquished Creatures
  An eleionoma (Lair:2)
  Fannar (Lair:1)
  2 hydras
  The ghost of knightboat the Basher, a novice MeFi of Okawaru (D:8)
  2 boulder beetles
  A death yak (D:9)
  A skyshark (Lair:3)
  Pikel (D:6)
  11 elephants
  3 black mambas
  11 cane toads
  4 komodo dragons
  2 kobold demonologists (D:8)
  2 rime drakes
  Maggie (Lair:1)
  A polar bear (Lair:2)
  11 blink frogs
  Prince Ribbit (D:7)
  A hornet (D:9)
  Sigmund (D:5)
  2 shadows (D:8)
  27 yaks
  A wraith (D:9)
  2 basilisks
  2 wyverns (Lair:1)
  4 steam dragons
  Edmund (D:5)
  5 water moccasins
  3 black bears
  2 orc warriors
  A sky beast (D:7)
  3 wolves (Lair:2)
  2 ogres
  5 centaurs
  A lemure (D:6)
  3 phantoms
  3 kobold brigands
  6 scorpions
  7 bullfrogs
  A killer bee (D:7)
  5 hounds
  4 jellies
  2 gnoll boudas
  2 sleepcaps
  An orc priest (D:5)
  Ijyb (D:5)
  Crazy Yiuf (D:5)
  3 iguanas
  8 orc wizards
  Robin (D:2)
  13 gnolls
  7 adders
  3 shadow imps
  2 white imps (D:5)
  An ufetubus (D:6)
  5 worms
  5 dart slugs
  23 orcs
  4 bats
  3 endoplasms
  4 giant cockroaches
  18 goblins
  7 hobgoblins
  15 jackals
  8 quokkas
  6 ball pythons
  4 frilled lizards
  12 kobolds
  4 rats
312 creatures vanquished.

Vanquished Creatures (others)
  An orc (D:7)
1 creature vanquished.

Grand Total: 313 creatures vanquished

Notes
Turn   | Place    | Note
-------+----------+-------------------------------------------
     0 | D:1      | innerfire43 the Demonspawn Monk began the quest for the
                  | Orb.
     0 | D:1      | Reached XP level 1. HP: 18/18 MP: 1/1
   104 | D:1      | Gained mutation: You are partially covered in sharp spines.
                  | [demonic ancestry]
   104 | D:1      | Reached XP level 2. HP: 24/24 MP: 2/2
   126 | D:1      | Reached skill level 1 in Shapeshifting
   288 | D:1      | Reached XP level 3. HP: 29/29 MP: 3/3
   379 | D:1      | Found Onoqawk's Magic Scroll Emporium.
   995 | D:2      | Noticed Robin
  1125 | D:2      | Reached XP level 4. HP: 31/35 MP: 4/4
  1141 | D:2      | Killed Robin
  1922 | D:3      | Found a shadowy altar of Dithmenos.
  1950 | D:3      | Found a sparkling altar of Nemelex Xobeh.
  2037 | D:3      | Found a basalt altar of Yredelemnul.
  2037 | D:3      | Noticed an ice beast
  2039 | D:3      | Noticed a bullfrog
  2040 | D:3      | Found a stormy altar of Qazlal.
  2040 | D:3      | Found a hide-covered altar of Uskayaw.
  2040 | D:3      | Found a transporter.
  2084 | D:3      | Found a transporter.
  2315 | D:3      | Reached XP level 5. HP: 34/41 MP: 5/5
  2837 | D:4      | Found Zyerchael's Weapon Shop.
  2951 | D:4      | Gained mutation: You are mostly covered in sharp spines.
                  | [demonic ancestry]
  2951 | D:4      | Reached XP level 6. HP: 35/47 MP: 6/6
  3281 | D:5      | Entered Level 5 of the Dungeon
  3334 | D:5      | Noticed Pikel
  3335 | D:5      | Noticed Ijyb
  3337 | D:5      | Noticed Sigmund
  3406 | D:6      | Gained mutation: You have a somewhat thin skeletal
                  | structure. (Dex +2, Stealth+) [potion of mutation]
  3406 | D:6      | Gained mutation: You have supernaturally acute eyesight.
                  | (SInv) [potion of mutation]
  3406 | D:6      | Gained mutation: Your movements are slightly less
                  | encumbered by armour. (ER -2) [potion of mutation]
  3416 | D:6      | Killed Pikel
  3417 | D:6      | Reached skill level 5 in Unarmed Combat
  3417 | D:6      | Reached skill level 5 in Shapeshifting
  3417 | D:6      | Reached XP level 7. HP: 11/52 MP: 7/7
  3596 | D:5      | Killed Sigmund
  3599 | D:5      | Killed Ijyb
  3733 | D:5      | Gained mutation: You have sharp fingernails. [demonic
                  | ancestry]
  3733 | D:5      | Reached XP level 8. HP: 52/58 MP: 8/8
  4025 | D:5      | Noticed Edmund
  4033 | D:5      | Killed Edmund
  4213 | D:5      | Found a runed translucent door.
  4214 | D:5      | Noticed Crazy Yiuf
  4248 | D:5      | Killed Crazy Yiuf
  4814 | D:6      | Found a staircase to the Ecumenical Temple.
  5099 | Temple   | Entered the Ecumenical Temple
  5127 | Temple   | Became a worshipper of Makhleb the Destroyer
  5127 | Temple   | Reached * piety under Makhleb
  5127 | Temple   | Reached ** piety under Makhleb
  5437 | D:6      | Learned a level 2 spell: Wereblood
  5448 | D:7      | Found a flagged portal.
  5502 | D:7      | Noticed Prince Ribbit
  5511 | D:7      | Killed Prince Ribbit
  5512 | D:7      | Reached skill level 1 in Invocations
  5512 | D:7      | Gained mutation: When seriously injured, your blood forms
                  | armour. (AC +12) [demonic ancestry]
  5512 | D:7      | Reached XP level 9. HP: 52/63 MP: 9/9
  5757 | D:7      | Lost mutation: You have supernaturally acute eyesight.
                  | (SInv) [potion of mutation]
  5757 | D:7      | Lost mutation: You have a somewhat thin skeletal structure.
                  | (Dex +2, Stealth+) [potion of mutation]
  5757 | D:7      | Lost mutation: Your movements are slightly less encumbered
                  | by armour. (ER -2) [potion of mutation]
  5757 | D:7      | Gained mutation: Your mind is acute. (Int +4, Str/Dex -1)
                  | [potion of mutation]
  5757 | D:7      | Gained mutation: You have a pair of small horns on your
                  | head. [potion of mutation]
  5757 | D:7      | Lost mutation: Your mind is acute. (Int +4, Str/Dex -1)
                  | [potion of mutation]
  5757 | D:7      | Gained mutation: You are agile. (Dex +4, Str/Int -1)
                  | [potion of mutation]
  5799 | D:7      | Reached skill level 1 in Spellcasting
  5799 | D:7      | Reached skill level 1 in Transmutations
  5914 | D:7      | Reached skill level 2 in Invocations
  5947 | D:7      | Reached skill level 3 in Invocations
  5948 | D:7      | Reached *** piety under Makhleb
  6110 | D:7      | Got the Compilation of Sickening Configuration
  7129 | D:8      | Gained mutation: When seriously injured, your blood forms
                  | thick armour. (AC +12) [demonic ancestry]
  7129 | D:8      | Reached XP level 10. HP: 72/72 MP: 13/13
  7165 | D:8      | Found Toang's Magic Scroll Shop.
  7246 | D:8      | Noticed a rust devil
  7253 | D:8      | Noticed a rust devil
  7258 | D:8      | Noticed a soul eater
  7259 | D:8      | Reached **** piety under Makhleb
  7260 | D:8      | Reached skill level 4 in Invocations
  7261 | D:8      | Noticed a rust devil
  7574 | D:8      | Found a runed translucent gate.
  7574 | D:8      | Found a runed translucent gate.
  7574 | D:8      | Found a runed translucent gate.
  7579 | D:8      | Noticed knightboat's ghost (novice MeFi)
  7657 | D:8      | Killed knightboat's ghost
  7658 | D:8      | Reached skill level 5 in Invocations
  7892 | D:9      | Found Rantah's Distillery.
  7899 | D:9      | Found an opulent altar of Gozag.
  7908 | D:9      | Bought a potion of curing for 36 gold pieces
  7908 | D:9      | Bought a potion of heal wounds for 60 gold pieces
  7908 | D:9      | Bought a potion of curing for 36 gold pieces
  7908 | D:9      | Bought a potion of heal wounds for 60 gold pieces
  7908 | D:9      | Bought a potion of curing for 36 gold pieces
  8129 | D:9      | Found a hazy altar of Hepliaklqana.
  8145 | D:9      | Found an opulent altar of Gozag.
  8287 | D:9      | Reached skill level 5 in Fighting
  8322 | D:9      | Found an opulent altar of Gozag.
  8322 | D:9      | Found an opulent altar of Gozag.
  8374 | D:9      | Noticed an elephant
  8376 | D:9      | Noticed a death yak
  8377 | D:9      | Found a staircase to the Lair.
  8391 | D:9      | Killed a death yak
  8392 | D:9      | Reached skill level 6 in Invocations
  8393 | D:9      | Killed an elephant
  8394 | D:9      | Reached skill level 5 in Dodging
  8641 | D:9      | Paralysed by a hornet for 1 turns
  8835 | D:9      | Reached XP level 11. HP: 46/80 MP: 16/16
  9038 | Lair:1   | Entered Level 1 of the Lair of Beasts
  9138 | Lair:1   | Noticed Maggie
  9145 | Lair:1   | Killed Maggie
  9146 | Lair:1   | Reached skill level 7 in Invocations
  9775 | Lair:1   | Noticed Fannar
  9786 | Lair:1   | Killed Fannar
 10043 | Lair:1   | Reached skill level 8 in Invocations
 10303 | Lair:2   | Noticed an eleionoma
 10319 | Lair:2   | Killed an eleionoma
 10323 | Lair:2   | Found a staircase to the Swamp.
 10512 | Lair:2   | Noticed an eight-headed hydra
 10527 | Lair:2   | Killed an eight-headed hydra
 10528 | Lair:2   | Reached skill level 9 in Invocations
 10806 | Lair:2   | Found a dark tunnel.
 10815 | Volcano  | Entered a volcano
 10908 | Volcano  | Learned a level 3 spell: Frozen Ramparts
 11080 | Lair:2   | Reached ***** piety under Makhleb
 11085 | Lair:2   | Gained mutation: When seriously injured, your blood forms
                  | very thick armour. (AC +12) [demonic ancestry]
 11085 | Lair:2   | Reached XP level 12. HP: 41/89 MP: 17/19
 11098 | Lair:2   | Found a hole to the Spider Nest.
 11104 | Lair:2   | Noticed a boulder beetle
 11140 | Lair:2   | Killed a boulder beetle
 11141 | Lair:2   | Reached skill level 5 in Spellcasting
 11414 | Lair:2   | Reached skill level 10 in Invocations
 11886 | Lair:3   | Noticed a boulder beetle
 11899 | Lair:3   | Noticed a six-headed hydra
 11916 | Lair:3   | Killed a six-headed hydra
 11942 | Lair:3   | Killed a boulder beetle
 11943 | Lair:3   | Reached skill level 10 in Shapeshifting
 12293 | Lair:3   | Reached skill level 11 in Invocations
 13130 | Lair:3   | Gained mutation: Spells you cast may paralyse adjacent
                  | enemies. [demonic ancestry]
 13130 | Lair:3   | Reached XP level 13. HP: 77/97 MP: 19/22
 13604 | Lair:4   | Found a runed translucent door.
 13604 | Lair:4   | Found a viscous altar of Jiyva.
 13604 | Lair:4   | Found a staircase to the Slime Pits.
 13647 | Slime:1  | Entered Level 1 of the Pits of Slime
 13655 | Slime:1  | Noticed a rockslime
 13657 | Slime:1  | Noticed a rockslime
 13667 | Slime:1  | Noticed a formless jellyfish
 13667 | Slime:1  | Noticed a formless jellyfish
 13667 | Slime:1  | Noticed an acid blob
 13669 | Slime:1  | Mangled by a rockslime

Illustrated notes

Levels and vault maps discovered:
D:1:      spicycebolla_green_bress_n_ham_2, layout_rooms, serial_shops, shop,
          minmay_misc_feat_hallway
D:2:      layout_basic, uniq_robin
D:3:      minmay_evil_eye, layout_basic,
          mainiacjoe_overflow_concentric_impassable, lemuel_tele_altar,
          gammafunk_temple_overflow_arena, nemelex_altar_shiori,
          kennysheep_generic_room_6
D:4:      layout_gridville, serial_shops, nicolae_shop_bloodbath_and_beyond,
          minmay_statues_item
D:5:      layout_rooms, uniq_ijyb, uniq_crazy_yiuf_cottage, uniq_edmund,
          uniq_sigmund, uniq_pikel
D:6:      wad_pebble_path, layout_basic, minmay_temple_entry_fiery
D:7:      layout_gridville, enter_bailey_2, minmay_alternating_orb,
          uniq_prince_ribbit1
D:8:      layout_loops_ring, marbit_many_paths, gammafunk_ghost_spectres,
          serial_shops, shop, st_stairs_3
D:9:      layout_gridville, nicolae_gozag_conspicuous_consumption,
          nzn_hepliaklqana_mist_gate, david_lair_generic, serial_shops,
          nicolae_shop_statue_plus
Temple:   minmay_temple_bridge_abc
Lair:1:   layout_loops_ring, uniq_maggie, uniq_fannar
Lair:2:   layout_regular_city, alex1729_swamp_entry_worm_eleionoma,
          nicolae_spider_entry_non_spiders, enter_volcano_4,
          cheibrodos_lair_caveside_slide
Lair:3:   layout_hall_layers, grunt_megastairs_3
Lair:4:   beast_lair_carwin_large_1, layout_long_grid, slime_entry_2,
          serial_bayou_shore_b, serial_bayou_shore_a
Slime:1:  layout_caves

Skill      XL: |  1  2  3  4  5  6  7  8  9 10 11 12 |
---------------+-------------------------------------+-----
Shapeshifting  | 1 2 3 5 7 8 9 10 | 10.4
Unarmed Combat | 3 4 5 6 7 8 9 |  9.2
Dodging        | 3 4 5 6 7 |  7.2
Invocations    | 1 3 6 9 11 | 11.8
Spellcasting   | 2 3 4 6 |  6.1
Transmutations | 2 |  2.7
Fighting       | 4 5 6 7 |  7.7

Action                     |  1- 3 |  4- 6 |  7- 9 | 10-12 | 13-15 || total
---------------------------+-------+-------+-------+-------+-------++-------
  Melee: Unarmed           |    92 |   122 |   242 |   451 |    51 ||   958
         Headbutt          |       |       |    23 |   156 |    20 ||   199
   Cast: Wereblood         |       |       |       |    11 |     1 ||    12
         Frozen Ramparts   |       |       |       |     1 |       ||     1
 Invoke: Minor Destruction |       |       |     2 |       |       ||     2
         Lesser Servant of |       |       |       |     1 |       ||     1
    Use: Potion            |       |     6 |     1 |     9 |     2 ||    18
   Stab: Sleeping          |       |       |     1 |       |       ||     1
 Armour: Robe              |    16 |    36 |    18 |       |       ||    70
         Skin              |       |     5 |     2 |       |       ||     7
         Steam dragon scal |       |       |    62 |   183 |     9 ||   254
  Dodge: Dodged            |    80 |    71 |   205 |   528 |    57 ||   941
   Form: Flux              |       |       |     1 |       |       ||     1

Table legend: (Time is in decaauts)
 A = Elapsed time spent in this place.
 B = Non-inter-level travel time spent in this place.
 C = Inter-level travel time spent in this place.
 D = Time resting spent in this place.
 E = Time spent auto-exploring this place.
 F = Levels seen in this place.
 G = Mean time per level.
                   A        B        C        D        E       F      G
               +--------+--------+--------+--------+--------+-----+--------+
         Total |  13558 |  12784 |    774 |      0 |  10589 |  16 |  847.4 |
       Dungeon |   8929 |   8295 |    634 |      0 |   6780 |   9 |  992.1 |
        Temple |     52 |     25 |     27 |      0 |      0 |   1 |   52.0 |
          Lair |   4452 |   4339 |    113 |      0 |   3760 |   4 | 1113.0 |
    Slime Pits |     20 |     20 |      0 |      0 |      7 |   1 |   20.0 |
       Volcano |    103 |    103 |      0 |      0 |     41 |   1 |  103.0 |
               +--------+--------+--------+--------+--------+-----+--------+

Top non-repeatable levels by time:
  Lair:3: 1632 daAuts
  Lair:2: 1516 daAuts
     D:6: 1346 daAuts
     D:7: 1263 daAuts
  Lair:1: 1200 daAuts
     D:8: 1154 daAuts
     D:9: 1138 daAuts
     D:2: 1063 daAuts
     D:3: 843 daAuts
     D:4: 823 daAuts
     D:5: 756 daAuts
     D:1: 541 daAuts
 Volcano: 103 daAuts
  Lair:4: 103 daAuts
  Temple: 52 daAuts
